AoeStats
← paxromana4564

Arena

509462833Analyzed
1v1 RM · 7d ago on Sep 26, 2026· 33m 41s· 2 players
Game mode
Random Map
Map size
Tiny (2 player)
Population
200
Speed
Normal
Resources
Standard
Victory
Conquest
Starting age
Dark Age
Ending age
Imperial Age
RankedLock teamsTeams togetherTeam positionsShared explorationLock speedFull tech treeHidden civsTurbo modeCheats
Victory
Defeat
🇺🇸 Poles · United States
1002
+16
🇺🇸 Byzantines · United States
1000
-48
paxromana4564
14:52 Feudal Age
17:48 Loom
26:34 Castle Age
27:28 Pikeman
28:10 Squires
IsabelSabe
10:37 Feudal Age
8:55 Loom
14:32 Castle Age
13:04 Double-Bit Axe
20:29 Horse Collar
27:00 Imperial Age
28:18 Onager
32:08 Town Watch
32:59 Wheelbarrow
Connection lost

Rejoining the realm…

Still unreachable

The connection could not be restored.

Session expired

The server has moved on; the page needs a fresh start.